 Dungeon Crawl Stone Soup version 0.31-a0-214-gb37851dbb3 (webtiles) character file.

Game seed: 13472765555489157037

327 qw the Shooter (level 6, -1/51 HPs)
             Began as a Minotaur Hexslinger on July 1, 2023.
             Succumbed to a hornet's poison
             ... on level 4 of the Dungeon.
             The game lasted 00:01:12 (2837 turns).

qw the Shooter (Minotaur Hexslinger)                Turns: 2837, Time: 00:01:12

Health: -1/51      AC:  4    Str: 12    XL:     6   Next: 24%
Magic:  6/6        EV: 12    Int: 10    God:
Gold:   156        SH:  0    Dex: 15    Spells: 6/7 levels left

rFire   . . .        Y - +6 sling
rCold   . . .        (no shield)
rNeg    . . .        b - +0 leather armour
rPois   .            (helmet restricted)
rElec   .            (no cloak)
rCorr   .            d - +0 pair of gloves
SInv    .            (no boots)
Will    .....        g - amulet of faith
Stlth   +            (no ring)
HPRegen 0.28/turn    (no ring)
MPRegen 0.10/turn

%: faith
@: lethally poisoned (-1 -> -20), slowed, very slow
A: horns 2, retaliatory headbutt
a: no special abilities


You were on level 4 of the Dungeon.
You visited 1 branch of the dungeon, and saw 4 of its levels.

You collected 198 gold pieces.
You spent 42 gold pieces at shops.


Innate Abilities, Weirdness & Mutations

You have a pair of horns on your head.
You reflexively headbutt those who attack you in melee.


   Skills:
 + Level 3.4 Fighting
 - Level 6.4 Ranged Weapons
 - Level 1.3 Armour
 - Level 2.1 Dodging
 - Level 1.0 Spellcasting
 - Level 2.0 Hexes


You had 6 spell levels left.
You knew the following spells:

 Your Spells              Type           Power      Damage    Failure   Level
a - Slow                  Hex            16%        N/A       19%         1

Your spell library contained the following spells:

 Spells                   Type           Power      Damage    Failure   Level
 Inner Flame              Hex/Fire       2%         N/A       65%         3
 Portal Projectile        Hex/Tloc       4%         N/A       65%         3
 Cause Fear               Hex            2%         N/A       88%         4

Inventory:

Hand Weapons
 Y - a +6 sling (weapon)
Armour
 b - a +0 leather armour (worn)
 c - a +0 ring mail
 d - a +0 pair of gloves (worn)
 j - a +1 cloak
Jewellery
 g - an amulet of faith (around neck)
 i - a +6 ring of intelligence
Wands
 o - a wand of digging (7)
Scrolls
 f - a scroll of silence {unknown}
 n - a scroll of identify
 p - a scroll of immolation {unknown}
Potions
 a - 3 potions of curing
 e - a potion of haste {unknown}
 h - a potion of cancellation
 k - 2 potions of ambrosia {unknown}
 l - a potion of might
 m - a potion of lignification {unknown}

Dungeon Overview and Level Annotations

Branches:
Dungeon (4/15)
 Temple: D:4-7

Altars:
Kikubaaqudgha

Shops:
D:2 !(

Annotations:
D:1 exclusion: gnoll


Message History

Enter note:
Enter note:
Enter note:
Enter note:
Enter note:
Enter note:
Enter note:
Enter note:
Enter note:
Enter note:
Enter note:
Enter note:
Enter note:
Enter note: You shoot a sling bullet.
The sling bullet closely misses the hornet.
You feel yourself speed up.
You feel very sick. The hornet stings you!
You feel yourself slow down. The hornet closely misses you.
You shoot a sling bullet.
The sling bullet barely misses the hornet.
You feel yourself speed up.
You feel very sick. The hornet barely misses you. You furiously retaliate!
You headbutt the hornet.
The hornet stings you but does no damage.
The hornet closely misses you.
You shoot a sling bullet. The sling bullet hits the hornet.
The hornet is lightly wounded.
You feel sick. The hornet closely misses you.
You shoot a sling bullet. The sling bullet hits the hornet.
The hornet is lightly wounded.
You feel sick. The hornet stings you.
You are more poisoned.
You feel yourself slow down. The hornet stings you!
You are more poisoned.
You feel as though you will be slow longer.
You shoot a sling bullet. The sling bullet hits the hornet.
The hornet is moderately wounded.
You die...

#..#####....######.....#.....##..
....)..'....#....).....#.........
#...####....#....#..#..######....
#...# #...(#....#.....# ##....
#...# #....#....#.....# #.....
#..)# #.#####)#######'## ##.....
#. #.# #...#......# #...... ..
... #.#.#......# #...... ..
#..@#..##.)# #...... ..
####y#..##..# #...... .. #"
..#......# #...##. ..
####..#......# ###.... ..
#..#########.####..... .
.....######.......... ..
##...........#........ ..
....#.###....#........ .
###....#<....#....##..


You could see a hornet.

Vanquished Creatures
  A phantom (D:4)
  3 hounds
  An iguana (D:4)
  3 adders
  2 gnolls
  A worm (D:4)
  2 dart slugs
  5 orcs
  9 ball pythons
  7 bats
  8 endoplasms
  3 giant cockroaches
  5 goblins
  5 hobgoblins
  8 quokkas
  A frilled lizard (D:2)
  8 kobolds
  9 rats
81 creatures vanquished.

Notes
Turn   | Place    | Note
-------+----------+-------------------------------------------
     0 | D:1      | qw the Minotaur Hexslinger began the quest for the Orb.
     0 | D:1      | Reached XP level 1. HP: 16/16 MP: 1/1
     0 | D:1      | 0 ||| qw: Version: 0.3-a-32-g5962c71
     0 | D:1      | 0 ||| qw: Game counter: 7616
     0 | D:1      | 0 ||| qw: Melee chars always use a shield: true
     0 | D:1      | 0 ||| qw: God list: Okawaru
     0 | D:1      | 0 ||| qw: Allow faded altars: false
     0 | D:1      | 0 ||| qw: Do Orc after clearing Dungeon:15 true
     0 | D:1      | 0 ||| qw: Do second Lair branch before Depths: true
     0 | D:1      | 0 ||| qw: Lair rune preference: random
     0 | D:1      | 0 ||| qw: Goals: Normal
     0 | D:1      | 0 ||| PLANNING D:1-11
   174 | D:1      | Reached skill level 3 in Ranged Weapons
   211 | D:1      | Reached XP level 2. HP: 22/23 MP: 2/2
   277 | D:1      | 277 ||| FLEEEEING.
   278 | D:1      | 278 ||| FLEEEEING.
   280 | D:1      | 280 ||| FLEEEEING.
   281 | D:1      | 281 ||| FLEEEEING.
   282 | D:1      | 282 ||| FLEEEEING.
   283 | D:1      | 283 ||| FLEEEEING.
   284 | D:1      | 284 ||| FLEEEEING.
   285 | D:1      | 285 ||| FLEEEEING.
   286 | D:1      | 286 ||| FLEEEEING.
   287 | D:1      | 287 ||| FLEEEEING.
   288 | D:1      | 288 ||| FLEEEEING.
   289 | D:1      | 289 ||| FLEEEEING.
   290 | D:1      | 290 ||| FLEEEEING.
   345 | D:1      | 345 ||| UPGRADING to +0 pair of gloves.
   348 | D:1      | HP: 6/24 [gnoll/+0 spear (3)]
   351 | D:1      | 351 ||| FLEEEEING.
   352 | D:1      | 352 ||| FLEEEEING.
   353 | D:1      | 353 ||| FLEEEEING.
   469 | D:1      | Reached XP level 3. HP: 29/29 MP: 3/3
   826 | D:1      | 826 ||| UPGRADING to amulet of faith.
   831 | D:1      | 831 ||| DROPPING ring of magical power.
   832 | D:1      | 832 ||| READING 3 scrolls labelled SOVOEWACULL.
   833 | D:1      | 833 ||| READING 2 scrolls of enchant weapon.
   833 | D:1      | 833 ||| ENCHANTING +2 sling.
   834 | D:1      | 834 ||| READING scroll of enchant weapon.
   834 | D:1      | 834 ||| ENCHANTING +3 sling.
   835 | D:1      | 835 ||| READING scroll labelled NURUNO SAN ZEA.
   836 | D:1      | 836 ||| READING scroll labelled JOKET ZAMETWA.
   840 | D:1      | 840 ||| DROPPING scroll of poison.
   865 | D:2      | Reached skill level 4 in Ranged Weapons
   866 | D:2      | 866 ||| STAIRDANCE
   910 | D:2      | Found Xikubb's Distillery.
   918 | D:2      | 918 ||| BUYING potion of curing (42 gold).
   918 | D:2      | Bought a potion of curing for 42 gold pieces
   918 | D:2      | 918 ||| SHOPLISTING potion of enlightenment (70 gold, have
                  | 6).
   918 | D:2      | 918 ||| SHOPLISTING potion of heal wounds (70 gold, have
                  | 6).
  1111 | D:2      | Found Dymuez's Antique Weapon Boutique.
  1463 | D:2      | 1463 ||| UPGRADING to +0 leather armour.
  1473 | D:2      | 1473 ||| DROPPING +0 robe.
  1548 | D:3      | Reached XP level 4. HP: 36/36 MP: 4/4
  1595 | D:3      | Reached skill level 5 in Ranged Weapons
  2280 | D:3      | 2280 ||| READING scroll labelled VOIRCH UGOH.
  2281 | D:3      | 2281 ||| READING 2 scrolls labelled UHU QOOS HAIS.
  2282 | D:3      | 2282 ||| READING scroll labelled USCHEE JIZI.
  2283 | D:3      | 2283 ||| READING scroll labelled QEHISY UREGOUZUZU.
  2284 | D:3      | 2284 ||| DRINKING 2 purple potions.
  2285 | D:3      | 2285 ||| DRINKING 2 brown potions.
  2286 | D:3      | 2286 ||| DRINKING 2 red potions.
  2287 | D:3      | 2287 ||| DROPPING potion of brilliance.
  2288 | D:3      | 2288 ||| DROPPING scroll of amnesia.
  2379 | D:4      | Found an ancient bone altar of Kikubaaqudgha.
  2487 | D:4      | Reached skill level 3 in Fighting
  2511 | D:4      | Reached XP level 5. HP: 45/45 MP: 5/5
  2530 | D:4      | 2530 ||| READING 2 scrolls of enchant weapon.
  2530 | D:4      | 2530 ||| ENCHANTING +4 sling.
  2531 | D:4      | 2531 ||| READING scroll of enchant weapon.
  2531 | D:4      | 2531 ||| ENCHANTING +5 sling.
  2724 | D:4      | Noticed a hornet
  2738 | D:4      | Noticed a phantom
  2753 | D:4      | Killed a phantom
  2754 | D:4      | Reached skill level 6 in Ranged Weapons
  2754 | D:4      | Reached XP level 6. HP: 42/51 MP: 6/6
  2797 | D:4      | Reached skill level 1 in Armour
  2836 | D:4      | HP: 7/51 [hornet (15)]
  2837 | D:4      | Succumbed to a hornet's poison

Levels and vault maps discovered:
D:1:      lightli_arrival_statue_moat, layout_loops_cross,
          nicolae_concentric_dashed_squares_mild
D:2:      layout_basic, serial_shops, shop, shop, bh_walls_and_bars
D:3:      layout_loops_ring, dreamdust_mushroom_princess, dk_vineyard_1
D:4:      minmay_clustersquares, layout_basic, kiku_gazebo_pond_becter

Skill      XL: |  1  2  3  4  5  6 |
---------------+-------------------+-----
Ranged Weapons | 3 4 5 6 |  6.4
Fighting       | 2 3 |  3.4
Armour         | 1 |  1.3
Dodging        | |  2.1
Spellcasting   | |  1.0
Hexes          | |  2.0

Action                     |  1- 3 |  4- 6 || total
---------------------------+-------+-------++-------
   Fire: Sling             |   111 |   112 ||   223
    Use: Scroll            |     5 |     6 ||    11
         Potion            |       |     3 ||     3
 Armour: Robe              |     9 |       ||     9
         Leather armour    |       |    18 ||    18
  Dodge: Dodged            |    45 |    20 ||    65

Table legend:
 A = Non-vault XP
 B = Vault XP
 C = Vault XP percentage of total XP
 D = Non-vault monster count
 E = Vault monster count
 F = Vault count percentage of total count
                 A         B        C        D         E       F
            +---------+---------+-------+---------+---------+-------
      Total |     206 |     262 |  56.0 |      72 |       9 |  11.1
            +---------+---------+-------+---------+---------+-------
        D:1 |      47 |       0 |   0.0 |      20 |       0 |   0.0
        D:2 |      42 |       0 |   0.0 |      18 |       0 |   0.0
        D:3 |      81 |       0 |   0.0 |      24 |       0 |   0.0
        D:4 |      36 |     262 |  87.9 |      10 |       9 |  47.4
            +---------+---------+-------+---------+---------+-------
